 Dungeon Crawl Stone Soup version 0.31-a0-79-g9ec6622867 (webtiles) character file.

Game seed: 10718123527467010191

5912 ReamesTipperQuirk the Arsonist (level 10, -1/88 HPs)
             Began as a Hill Orc Cinder Acolyte on May 24, 2023.
             Was a Believer of Ignis.
             Slain by a yak (9 damage)
             ... on level 9 of the Dungeon.
             The game lasted 01:03:31 (13050 turns).

ReamesTipperQuirk the Arsonist (HOCA)              Turns: 13050, Time: 01:03:34

Health: -1/88      AC: 11    Str: 24    XL:     10   Next: 82%
Magic:  1/16       EV: 11    Int: 18    God:    Ignis [**....]
Gold:   686        SH:  0    Dex:  9    Spells: 8/18 levels left

rFire   + . .        U - +1 short sword "Arasin" {flame, rPois Dex+3}
rCold   . . .        (no shield)
rNeg    . . .        S - +0 ring mail "Worotarph" {Regen+}
rPois   +            s - +0 helmet
rElec   .            R - +2 cloak {rPois}
rCorr   .            d - +0 pair of gloves
SInv    .            V - +0 pair of boots
Will    +....        (no amulet)
Stlth   x              - +6 ring of strength
HPRegen 1.14/turn    F - ring of Pamukhe {rPois Will+}
MPRegen 0.15/turn

%: no passive effects
@: no status effects
A: no striking features
a: Renounce Religion, Fiery Armour, Foxfire Swarm, Rising Flame


You were on level 9 of the Dungeon.
You worshipped Ignis.
Ignis was pleased with you.
You visited 2 branches of the dungeon, and saw 11 of its levels.

You collected 840 gold pieces.
You spent 154 gold pieces at shops.

Inventory:

Hand Weapons
 a - a -1 hand axe of flaming
 f - a +0 halberd of protection
 q - a +1 short sword of flaming
 y - a +1 short sword of holy wrath
 z - a +2 dagger of venom
 A - a +0 dagger of venom
 D - a +1 short sword of venom
 I - a +3 flail
 J - a +3 short sword
 P - a +2 dagger of electrocution
 U - the +1 short sword "Arasin" (weapon) {flame, rPois Dex+3}
   (You took it off a centaur on level 9 of the Dungeon)

   Dex:       It affects your dexterity (+3).
   rPois:     It protects you from poison.
Missiles
 m - 60 stones
 p - 11 poisoned darts (quivered)
 C - 4 datura-tipped darts
 N - 3 boomerangs
Armour
 b - a +0 robe
 d - a +0 pair of gloves (worn)
 j - a +0 leather armour
 s - a +0 helmet (worn)
 u - an orb of guile
 B - a +0 hat
 O - a +4 ring mail
 R - a +2 cloak of poison resistance (worn)
 S - the +0 ring mail "Worotarph" (worn) {Regen+}
   (You bought it in a shop on level 9 of the Dungeon)

   Regen:     It increases your rate of health regeneration.
 V - a +0 pair of boots (worn)
Jewellery
 k - a ring of positive energy
 x - a +6 ring of strength (left hand)
 F - the ring of Pamukhe (right hand) {rPois Will+}
   (You found it on level 9 of the Dungeon)

   [ring of willpower]

   rPois:     It protects you from poison.
   Will:      It increases your willpower.
 H - a ring of flight
Wands
 n - a wand of iceblast (9)
 w - a wand of polymorph (14)
 Q - a wand of flame (1)
 T - a wand of mindburst (1)
Scrolls
 e - a scroll of brand weapon
 i - 2 scrolls of amnesia
 v - 2 scrolls of teleportation
 E - 2 scrolls of vulnerability
 K - a scroll of poison {unknown}
Potions
 c - 4 potions of curing
 g - 2 potions of degeneration {unknown}
 h - 3 potions of attraction
 l - 3 potions of lignification
 o - 4 potions of brilliance
 r - 2 potions of cancellation {unknown}
 t - 4 potions of mutation
 G - 2 potions of might {unknown}
 L - 2 potions of enlightenment {unknown}
 M - a potion of berserk rage {unknown}


   Skills:
 - Level 8.3 Fighting
 - Level 2.8 Short Blades
 - Level 7.6 Axes
 - Level 5.6 Throwing
 + Level 4.1 Dodging
 - Level 4.6 Spellcasting
 * Level 1.4 Conjurations
 + Level 3.9 Translocations
 - Level 8.3 Fire Magic


You had 8 spell levels left.
You knew the following spells:

 Your Spells              Type           Power      Damage    Failure   Level
a - Scorch                Fire           68%        2d8       1%          2
b - Volatile Blastmotes   Fire/Tloc      48%        2d14      6%          3
c - Fireball              Conj/Fire      9%         3d6       71%         5

Your spell library contained the following spells:

 Spells                   Type           Power      Damage    Failure   Level
 Momentum Strike          Conj/Tloc      22%        3d8       14%         2
 Necrotise                Necr           16%        1d4       22%         1
 Sandblast                Erth           8%         2d5       22%         1
 Vhi's Electric Charge    Tloc/Air       18%        N/A       36%         3
 Ensorcelled Hibernation  Hex/Ice        4%         N/A       38%         2
 Passwall                 Tmut/Erth      1%         N/A       38%         2
 Manifold Assault         Tloc           18%        N/A       38%         4
 Stone Arrow              Conj/Erth      8%         3d7       52%         3
 Frozen Ramparts          Ice            8%         1d2       54%         3
 Swiftness                Air            4%         N/A       54%         3
 Vampiric Draining        Necr           4%         2d6       54%         3
 Summon Guardian Golem    Hex/Summ       2%         N/A       63%         3
 Ice Form                 Ice/Tmut       2%         N/A       95%         4
 Summon Ice Beast         Ice/Summ       2%         N/A       95%         4
 Iskenderun's Battlesphe  Conj           9%         2d6       97%         5
 Agony                    Necr           4%         N/A       99%         5
 Arcjolt                  Conj/Air       2%         1d12      99%         5
 Conjure Ball Lightning   Conj/Air       2%         3x3d6     100%        6
 Orb of Destruction       Conj           4%         9d5       100%        7
 Spellforged Servitor     Conj/Summ      2%         N/A       100%        7
 Maxwell's Capacitive Co  Air            2%         ∞         100%        8


Dungeon Overview and Level Annotations

Branches:
Dungeon (10/15)            Temple (1/1) D:7             Orc (0/2) D:9
   Lair: D:8-11

Altars:
Ashenzari
Cheibriados
Dithmenos
Elyvilon
Fedhas
Gozag
Hepliaklqana
Kikubaaqudgha
Makhleb
Nemelex Xobeh
Okawaru
Qazlal
Ru
Sif Muna
Trog
Uskayaw
Vehumet
Wu Jian
Xom
Yredelemnul
Zin
The Shining One

Shops:
D:9 [


Message History

The yak barely misses you. x2
Your Conjurations skill increases to level 1!
Aiming: Mindburst
Press: ? - help, Shift-Dir - straight line, f - yak
Aim: a yak (moderately wounded, more vulnerable to fire, chance to affect: 64%)
The yak struggles to resist.
The yak is no longer more vulnerable to fire.
The yak gores you but does no damage. The yak closely misses you.
Okay, then.
Aiming: Mindburst
Press: ? - help, Shift-Dir - straight line, f/p - yak
Aim: a yak (moderately wounded, chance to affect: 64%)
The yak's mind is blasted!
The yak barely misses you. The yak gores you but does no damage.
Aiming: Mindburst
Press: ? - help, Shift-Dir - straight line, f/p - yak
Aim: a yak (severely wounded, chance to affect: 64%)
The yak struggles to resist.
The yak misses you. The yak gores you but does no damage.
Aiming: Mindburst
Press: ? - help, Shift-Dir - straight line, f/p - yak
Aim: a yak (severely wounded, chance to affect: 64%)
The yak's mind is blasted!
The yak gores you.
* * * LOW HITPOINT WARNING * * *
The yak barely misses you.
Okay, then.
Unknown command.
Aiming: Mindburst
Press: ? - help, Shift-Dir - straight line, f/p - yak
Aim: a yak (severely wounded, chance to affect: 64%)
The yak struggles to resist.
The yak is no longer more vulnerable to fire.
The yak barely misses you. The yak closely misses you.
Aiming: Throw Flame
Press: ? - help, Shift-Dir - straight line, f - yak, p - yak
Aim: a yak (severely wounded, 81% to hit)
The puff of flame misses the yak.
The yak gores you.
* * * LOW HITPOINT WARNING * * *
The yak gores you!
You die...

#....###.## #.# ##.##.#
#..###.#
....#.####..##.#
##..#.#......#.#
...)#.#.###..#.#########
#...#.#.# ##.#.........#
....#.#.# #.#.<.......#
#####.#.# #.#..Y......#
......#.# ##....@......#
###.....# #....†.Y.....#
# #.##### #._..........#
###.# #............#
..#.# #...##########
#.#.# #...# #.#.# #...#
#.#.# #####...# #[#.#
#.......############


You could see 2 yaks.

Vanquished Creatures
  Maurice (D:9)
  A komodo dragon (D:10)
  A troll (D:9)
  2 hornets
  A shadow (D:9)
  6 yaks
  A wyvern (D:8)
  2 steam dragons
  An acid dragon (D:6)
  2 water moccasins
  3 black bears
  4 orc warriors
  3 ogres (D:6)
  A phantom (D:4)
  2 centaurs (D:9)
  2 bullfrogs
  2 scorpions (D:5)
  4 wights (D:7)
  6 howler monkeys
  A crimson imp (D:8)
  9 orc priests
  5 hounds
  3 jellies
  5 iguanas
  Natasha (twice) (D:4)
  11 orc wizards
  8 adders
  3 white imps
  A worm (D:2)
  2 dart slugs (D:1)
  36 orcs
  7 endoplasms
  2 giant cockroaches
  9 hobgoblins
  7 kobolds
  4 quokkas
  7 ball pythons
  4 bats
  3 frilled lizards (D:1)
  3 goblins (D:3)
  3 rats
180 creatures vanquished.

Vanquished Creatures (others)
  An orc wizard (D:8)
  3 foxfires
4 creatures vanquished.

Grand Total: 184 creatures vanquished

Notes
Turn   | Place    | Note
-------+----------+-------------------------------------------
     0 | D:1      | ReamesTipperQuirk the Hill Orc Cinder Acolyte began the
                  | quest for the Orb.
     0 | D:1      | Reached XP level 1. HP: 19/19 MP: 2/2
   286 | D:1      | Reached XP level 2. HP: 27/27 MP: 3/3
   289 | D:1      | Learned a level 2 spell: Scorch
   320 | D:1      | Found a faded altar of an unknown god.
   883 | D:2      | Reached XP level 3. HP: 26/33 MP: 1/4
  1381 | D:2      | Found a sparkling altar of Nemelex Xobeh.
  1389 | D:2      | Reached XP level 4. HP: 40/40 MP: 3/6
  1874 | D:3      | Found a shimmering altar of Xom.
  2069 | D:3      | Found a sparkling altar of Nemelex Xobeh.
  2079 | D:3      | Reached skill level 5 in Axes
  2789 | D:3      | Reached XP level 5. HP: 41/47 MP: 4/7
  3045 | D:4      | Noticed a phantom
  3056 | D:4      | Killed a phantom
  3746 | D:4      | Noticed Natasha
  3751 | D:4      | Killed Natasha
  3752 | D:4      | Reached skill level 5 in Fighting
  3752 | D:4      | Reached XP level 6. HP: 56/56 MP: 1/9
  4033 | D:4      | Noticed Natasha
  4042 | D:4      | Killed Natasha
  4238 | D:5      | Entered Level 5 of the Dungeon
  4678 | D:5      | Reached skill level 1 in Throwing
  4678 | D:5      | Reached XP level 7. HP: 50/61 MP: 3/10
  4786 | D:5      | Reached skill level 5 in Fire Magic
  5721 | D:5      | Reached XP level 8. HP: 58/70 MP: 5/12
  6466 | D:6      | Found a hide-covered altar of Uskayaw.
  7187 | D:7      | Found an ornate altar of the Wu Jian Council.
  7249 | D:7      | Got Jomnet's Discourse on the Planar Blaze
  7286 | D:7      | Learned a level 3 spell: Volatile Blastmotes
  7418 | D:7      | Reached skill level 1 in Dodging
  7418 | D:7      | Reached XP level 9. HP: 79/79 MP: 7/14
  7538 | D:7      | Reached skill level 1 in Translocations
  7700 | D:7      | Found a staircase to the Ecumenical Temple.
  7712 | Temple   | Entered the Ecumenical Temple
  8558 | D:8      | Found a glowing silver altar of Zin.
  8965 | D:8      | Found a hazy altar of Hepliaklqana.
  9398 | D:8      | Noticed a hornet
  9410 | D:8      | Killed a hornet
  9556 | D:8      | Found a burning altar of Makhleb.
  9557 | D:8      | Found a radiant altar of Vehumet.
 10853 | D:9      | Reached XP level 10. HP: 82/86 MP: 7/16
 10986 | D:9      | Reached skill level 5 in Throwing
 11071 | D:9      | Noticed Maurice
 11085 | D:9      | Killed Maurice
 11160 | D:9      | Found Vahir's Armour Shop.
 11174 | D:9      | Found a staircase to the Orcish Mines.
 11213 | D:9      | Bought the +0 ring mail "Worotarph" {Regen+} for 154 gold
                  | pieces
 11419 | D:9      | Found an opulent altar of Gozag.
 11482 | D:9      | Identified the +1 short sword "Arasin" {flame, rPois Dex+3}
 11812 | D:9      | Noticed a boulder beetle
 11840 | D:9      | HP: 4/88 [boulder beetle (16)]
 11841 | D:9      | HP: 1/88 [boulder beetle (3)]
 12072 | D:9      | Identified the ring of Pamukhe {rPois Will+}
 12105 | D:10     | Entered Level 10 of the Dungeon
 12196 | D:9      | Reached skill level 1 in Short Blades
 12912 | D:10     | Learned a level 5 spell: Fireball
 13043 | D:9      | HP: 4/88 [yak (6)]
 13045 | D:9      | Reached skill level 1 in Conjurations
 13050 | D:9      | Slain by a yak

Illustrated notes

Levels and vault maps discovered:
D:1:      minmay_arrival_checkered_box, layout_basic,
          shapermc_ecumenical_altar_mp_highgroup, serial_bayou_ford_a,
          serial_bayou_lagoon_a, minmay_tetromino_s4
D:2:      layout_loops_ring, basic_altar
D:3:      layout_loops_ring, old_standard_altar, mainiacjoe_overflow_24_doors
D:4:      layout_layer_cave, uniq_natasha
D:5:      layout_cave_pods, dreamdust_mushroom_princess,
          hangedman_decor_growths, minmay_misc_feat_four_crosses
D:6:      layout_rooms, nicolae_uskayaw_dance_hall, minivault_11, st_stairs_3
D:7:      layout_basic, mainiacjoe_overflow_small_starburst,
          minmay_temple_entry_stoned_glass
D:8:      layout_loops_ring, grunt_temple_overflow_lords_of_destruction,
          nicolae_hepliaklqana_hippocampus, amcnicky_altar_gilded, minivault_21
D:9:      layout_basic, nicolae_gozag_seed_capital, orc_david_3,
          small_chamber_with_monster, uniq_maurice
D:10:     lemuel_bear_cage, layout_basic, david_lair_generic
Temple:   nicolae_temple_bog_church

Skill      XL: |  1  2  3  4  5  6  7  8  9 10 |
---------------+-------------------------------+-----
Fighting       | 4 5 6 7 8 |  8.3
Axes           | 5 6 7 |  7.6
Fire Magic     | 4 5 6 7 8 |  8.3
Spellcasting   | 2 3 4 |  4.6
Throwing       | 1 2 3 4 5 |  5.6
Dodging        | 1 3 4 |  4.1
Translocations | 2 3 |  3.9
Short Blades   | 2 |  2.8
Conjurations   | 1 |  1.4

Action                     |  1- 3 |  4- 6 |  7- 9 | 10-12 || total
---------------------------+-------+-------+-------+-------++-------
  Melee: Hand axe          |    67 |    40 |   134 |     4 ||   245
         Punch             |     1 |       |     1 |     1 ||     3
         Short sword       |       |       |       |    33 ||    33
  Throw: Boomerang         |     1 |    23 |    43 |       ||    67
         Stone             |       |       |    20 |       ||    20
         Dart              |       |       |    11 |    15 ||    26
   Cast: Scorch            |     8 |    49 |   155 |    94 ||   306
         Volatile Blastmot |       |       |     1 |     2 ||     3
 Invoke: Fiery Armour      |       |     1 |     4 |       ||     5
         Foxfire Swarm     |       |     1 |     2 |       ||     3
  Evoke: Wand              |       |       |       |     8 ||     8
    Use: Scroll            |     6 |     2 |     3 |     3 ||    14
         Potion            |       |       |     2 |     3 ||     5
 Armour: Robe              |    17 |    16 |    49 |       ||    82
         Ring mail         |       |       |       |    37 ||    37
  Dodge: Dodged            |    40 |    24 |   110 |    69 ||   243

Table legend: (Time is in decaauts)
 A = Elapsed time spent in this place.
 B = Non-inter-level travel time spent in this place.
 C = Inter-level travel time spent in this place.
 D = Time resting spent in this place.
 E = Time spent auto-exploring this place.
 F = Levels seen in this place.
 G = Mean time per level.
                   A        B        C        D        E       F      G
               +--------+--------+--------+--------+--------+-----+--------+
         Total |  13107 |  12762 |    345 |   4958 |   5549 |  11 | 1191.5 |
       Dungeon |  12912 |  12583 |    329 |   4958 |   5382 |  10 | 1291.2 |
        Temple |    195 |    179 |     16 |      0 |    166 |   1 |  195.0 |
               +--------+--------+--------+--------+--------+-----+--------+

Top non-repeatable levels by time:
     D:8: 2615 daAuts
     D:5: 2047 daAuts
     D:9: 1568 daAuts
     D:4: 1379 daAuts
     D:3: 1108 daAuts
     D:7: 1050 daAuts
     D:2: 897 daAuts
     D:1: 892 daAuts
     D:6: 835 daAuts
    D:10: 517 daAuts
  Temple: 195 daAuts
